 Dungeon Crawl Stone Soup version 0.27.1-1-g398f81649c (webtiles) character file.

Game seed: 17747844501650763606

5 AarnesTheHuman the Chucker (level 1, 0/22 HPs)
             Began as an Ogre Hunter on Sept 8, 2021.
             Killed from afar by a dart slug (6 damage)
             ... with a slug dart
             ... on level 1 of the Dungeon.
             The game lasted 00:00:58 (404 turns).

AarnesTheHuman the Chucker (Ogre Hunter)             Turns: 404, Time: 00:00:58

Health: 0/22       AC:  3    Str: 15    XL:     1   Next: 80%
Magic:  1/1        EV:  9    Int: 12    God:
Gold:   25         SH:  0    Dex:  9    Spells: 0/0 levels left

rFire    . . .     SeeInvis .   g - +0 club
rCold    . . .     Faith    .   (no shield)
rNeg     . . .     Spirit   .   b - +0 robe
rPois    .         Reflect  .   (helmet restricted)
rElec    .         Harm     .   (no cloak)
rCorr    .         Rampage  .   (gloves unavailable)
Will     .....                  (boots unavailable)
Stlth    +.........             (no amulet)
HPRegen  0.07/turn              (no ring)
MPRegen  0.07/turn              (no ring)

@: no status effects
A: large, unfitting armour, tough skin 1
a: no special abilities


You were on level 1 of the Dungeon.
You visited 1 branch of the dungeon, and saw 1 of its levels.

You collected 25 gold pieces.

Inventory:

Hand Weapons
 a - a +0 short sword
 g - a +0 club (weapon)
Missiles
 c - 4 large rocks (quivered)
 d - 2 throwing nets
 e - 11 poisoned darts
Armour
 b - a +0 robe (worn)
Potions
 f - a potion of heal wounds {unknown}


   Skills:
 + Level 2.9 Fighting
 + Level 0.0 Maces & Flails
 + Level 4.1 Throwing
 + Level 1.9 Dodging
 - Level 0.6 Stealth


You couldn't memorise any spells.
You didn't know any spells.
Your spell library was empty.

Dungeon Overview and Level Annotations

Branches:
Dungeon (1/15)

Altars:

Shops:
D:1 =


Innate Abilities, Weirdness & Mutations

You are too large for most types of armour.
You have tough skin. (AC +1)


Message History

Found 13 bolts.
The endoplasm quivers.
A dart slug comes into view.
Found a scroll labelled BYUDEGAHEC.
The endoplasm hits you.
You hit the endoplasm.
The endoplasm is heavily wounded.
The endoplasm freezes you.
You are frozen.
You hit the endoplasm.
The endoplasm is almost dead.
The endoplasm freezes you.
You are frozen.
You hit the endoplasm but do no damage.
The endoplasm is almost dead.
The endoplasm hits you. x2
You hit the endoplasm.
You kill the endoplasm!
Throw: 5 large rocks
Press: ? - help, Q - select action, (/) - cycle Shift-Dir - straight line, f - dart slug
Aim: a dart slug (93% to hit)
You throw a large rock. The large rock hits the dart slug.
The dart slug is moderately wounded.
You hit the dart slug.
The dart slug is heavily wounded.
You hit the dart slug.
The dart slug is severely wounded.
The dart slug barely misses you.
You hit the dart slug but do no damage.
The dart slug is severely wounded.
The dart slug bites you.
You hit the dart slug.
The dart slug is almost dead.
The dart slug launches a dart at you. The slug dart hits you.
* * * LOW HITPOINT WARNING * * *
You hit the dart slug but do no damage.
The dart slug is almost dead.
The dart slug launches a dart at you. The slug dart hits you.
You die...

.##...#.##..### ..##..#
..##..........##.......#
...#..........##........
...#....................
.#.#..........#.........
##........##..#.........
##..∩.∩#..##..#.........
##.#.....# #............
...#∩.∩#.# #.###@.......
#####..#.###.##..w......
# #..#.##..##......... #
#..#.##.###..?...... #
#....#..#.......(... #
#...#............... #
#..........#........
#####......#...##......#
...##............


You could see a dart slug.

Vanquished Creatures
  A dart slug (D:1)
  An endoplasm (D:1)
  A kobold (D:1)
  A rat (D:1)
4 creatures vanquished.

Notes
Turn   | Place    | Note
-------+----------+-------------------------------------------
     0 | D:1      | AarnesTheHuman the Ogre Hunter began the quest for the Orb.
     0 | D:1      | Reached XP level 1. HP: 22/22 MP: 1/1
   369 | D:1      | Found Yrybor's Jewellery Shoppe.
   404 | D:1      | Killed from afar by a dart slug

Illustrated notes

Levels and vault maps discovered:
D:1:      dpeg_arrival_chambers_temple_mockup, layout_rooms, serial_shops,
          nicolae_shop_competitors_out_of_business

Action                   || total
-------------------------++-------
Melee: Short sword       ||    17
       Club              ||     9
Throw: Large rock        ||     2
Armor: Robe              ||     5
Dodge: Dodged            ||     8
